 Dungeon Crawl Stone Soup version 0.28.0 (webtiles) character file.

Game seed: 11744128711939612091

1388 GrayStillPlays the Skirmisher (level 8, -4/42 HPs)
             Began as a Vine Stalker Fighter on Feb 8, 2022.
             Slain by Prince Ribbit (12 damage)
             ... on level 6 of the Dungeon.
             The game lasted 00:19:05 (5249 turns).

GrayStillPlays the Skirmisher (VSFi)                Turns: 5249, Time: 00:19:05

Health: -4/42      AC: 11    Str: 21    XL:     8   Next: 67%
Magic:  0/14       EV:  7    Int: 12    God:
Gold:   251        SH:  5    Dex: 14    Spells: 12/14 levels left

rFire   + . .      SeeInvis +   B - +4 rapier of the Enemy {holy, rPois rC+ rCorr Int-2, short}
rCold   + . .      Faith    .   c - +0 buckler
rNeg    . . .      Spirit   +   l - +0 chain mail
rPois   +          Reflect  .   (no helmet)
rElec   .          Harm     .   (no cloak)
rCorr   +          Rampage  .   (no gloves)
Will    +....                   (no boots)
Stlth   ..........              (no amulet)
HPRegen 0.94/turn               m - +6 ring of intelligence
MPRegen 0.14/turn               z - ring of see invisible

@: invisible
A: fangs 3, regeneration 1, magic shield, antimagic bite, no potion heal 2,
iridescent scales 1, fire resistance 1
a: no special abilities


You were on level 6 of the Dungeon.
You visited 1 branch of the dungeon, and saw 6 of its levels.

You collected 251 gold pieces.


Innate Abilities, Weirdness & Mutations

You have razor-sharp teeth.
Your natural rate of healing is unusually fast.
When hurt, damage is shared between your health and your magic reserves.
Your bite disrupts and absorbs the magic of your enemies.
Potions cannot restore your health.
You are partially covered in iridescent scales. (AC +2)
Your flesh is heat resistant. (rF+)


   Skills:
 + Level 4.9 Fighting
 + Level 4.5 Short Blades
 + Level 4.5 Armour
 - Level 4.0 Shields
 + Level 3.7 Spellcasting
 + Level 3.8 Hexes


You had 12 spell levels left.
You knew the following spells:

 Your Spells              Type           Power      Damage    Failure   Level
a - Ensorcelled Hibernat  Hex/Ice        12%        N/A       88%         2

Your spell library contained the following spells:

 Spells                   Type           Power      Damage    Failure   Level
 Magic Dart               Conj           8%         1d3       95%         1
 Call Imp                 Summ           2%         N/A       99%         2
 Mephitic Cloud           Conj/Pois/Air  2%         N/A       100%        3
 Spider Form              Tmut/Pois      2%         N/A       100%        3
 Anguish                  Hex/Necr       3%         N/A       100%        4
 Hailstorm                Conj/Ice       2%         3d3       100%        4
 Ice Form                 Ice/Tmut       2%         N/A       100%        4
 Simulacrum               Ice/Necr       1%         N/A       100%        6

Inventory:

Hand Weapons
 y - a +0 vampiric short sword {short}
   (You took it off an orc on level 4 of the Dungeon)
 B - the +4 rapier of the Enemy (weapon) {holy, rPois rC+ rCorr Int-2, short}
   (You found it on level 5 of the Dungeon)

   It has been blessed by the Shining One to cause great damage to the undead
   and demons.
   Int:       It affects your intelligence (-2).
   rC:        It protects you from cold.
   rPois:     It protects you from poison.
   rCorr:     It protects you from acid and corrosion.
Missiles
 f - 98 stones (quivered) {throwing}
 h - 97 arrows
 x - 22 sling bullets
Armour
 c - a +0 buckler (worn)
 k - a +1 leather armour of cold resistance
   (You found it on level 1 of the Dungeon)
 l - a +0 chain mail (worn)
   (You found it on level 4 of the Dungeon)
Jewellery
 m - a +6 ring of intelligence (left hand)
   (You found it on level 5 of the Dungeon)
 r - a ring of protection from fire
   (You found it on level 2 of the Dungeon)
 z - a ring of see invisible (right hand)
   (You found it on level 4 of the Dungeon)
Scrolls
 e - a scroll of amnesia
 i - 3 scrolls of fear
 j - a scroll of enchant weapon
 n - 2 scrolls of enchant armour
 q - a scroll of torment {unknown}
 t - 3 scrolls of teleportation {@r4}
Potions
 b - a potion of magic {unknown}
 d - 2 potions of might
 g - 2 potions of heal wounds {unknown}
 o - 2 potions of curing {@q1}
 p - a potion of cancellation {unknown}
 s - a potion of brilliance {unknown}
 u - a potion of lignification {unknown}
 v - a potion of haste {unknown}
 w - 2 potions of berserk rage {unknown}

Dungeon Overview and Level Annotations

Branches:
Dungeon (6/15)             Temple (0/1) D:6

Altars:
Xom

Annotations:
D:2 1 runed translucent door, Crazy Yiuf
D:3 Grinder, Ijyb
D:6 Duvessa, Prince Ribbit

...................#
#..................#
...................#
..................##
........)........##
#........#########
##...##....# ####
##.#F# #######.#@###
............#
...######....#
.............#
...#.####....# ##+#
#....# ..... #....#
......#....#
..>...'....#


You could see Prince Ribbit (magic disrupted).


Message History

You kill the orc!
You see here a +0 dagger {short}.
a - a scroll of identify {@r1}
As you read the scroll of identify {@r1}, it crumbles to dust.
e - a scroll of amnesia You now have 251 gold pieces (gained 11).
You open the door. 4 wights come into view.
A wight is wielding a +2 morningstar of freezing.
A wight is wielding a +0 hand axe of electrocution.
Found a staircase to the Ecumenical Temple.
You hit the wight.
The wight convulses.
You bite the wight, but do no damage. The wight completely misses you.
The wight hits you but does no damage.
You hit the wight.
The wight convulses.
You bite the wight, but do no damage. The wight hits you but does no damage.
You are electrocuted! 😮 HP[-11] MP[-4]
You take 11 damage, and now have 31/42 hp.
MASSIVE DAMAGE!! (PAUSE)
You lost 4 mp, and now have 10/14 mp.
You hit the wight but do no damage.
The wight hits you with a +0 hand axe of electrocution.
You feel drained. 😮 HP[-2]
You now have 41 max hp (-1).
You take 2 damage, and now have 29/41 hp.
You hit the wight.
The wight convulses!
You destroy the wight!
Your life force feels restored. 😮 HP[+1]
You now have 42 max hp (+1).
You hit the wight.
The wight convulses.
You block the wight's attack. 😮 HP[+1]
You hit the wight.
The wight convulses.
You destroy the wight! 😕 HP[+1]
You puncture the wight!
The wight convulses!
You destroy the wight! 😕 HP[+1]
You hit the wight.
The wight convulses.
The wight completely misses you. 😕 HP[+1] MP[+1]
You closely miss the wight.
Prince Ribbit gives a loud, deep croak!
You bite the wight. You drain its power.
You feel invigorated.
You block the wight's attack. 😕 HP[+1] MP[+3]
Your mp is fully restored (14).
You hit the wight but do no damage. You bite the wight.
You destroy the wight! 😕 HP[+1]
Items here: )))) [[[[. 😕 HP[+1]
You miss Prince Ribbit. You bite Prince Ribbit.
Prince Ribbit's magic leaks into the air.
You drain his magic.
Prince Ribbit croaks regally.
You block Prince Ribbit's attack. 😕 HP[+1]
You puncture Prince Ribbit! You block Prince Ribbit's attack.
Prince Ribbit hits you! 😮 HP[-9] MP[-3]
You take 9 damage, and now have 29/42 hp.
MASSIVE DAMAGE!! (PAUSE)
You lost 3 mp, and now have 11/14 mp.
You barely miss Prince Ribbit.
Prince Ribbit hits you but does no damage. 😮 HP[+1]
You completely miss Prince Ribbit. Prince Ribbit hits you!
* * * LOW HITPOINT WARNING * * *
Prince Ribbit barely misses you. 😨 HP[-9] MP[-3]
You take 9 damage, and now have 21/42 hp.
MASSIVE DAMAGE!! (PAUSE)
You lost 3 mp, and now have 8/14 mp.
You miss Prince Ribbit. You bite Prince Ribbit.
Prince Ribbit's magic leaks into the air.
You drain his magic.
You feel invigorated. Prince Ribbit hits you.
* * * LOW HITPOINT WARNING * * *
😨 HP[-2] MP[+3]
You take 2 damage, and now have 19/42 hp.
You regained 3 mp, and now have 11/14 mp.
You puncture Prince Ribbit! Your bite misses Prince Ribbit.
Prince Ribbit hits you!
* * * LOW HITPOINT WARNING * * *
😨 HP[-5] MP[-4]
You take 5 damage, and now have 14/42 hp.
You lost 4 mp, and now have 7/14 mp.
You hit Prince Ribbit. Your bite misses Prince Ribbit. Prince Ribbit hits you.
* * * LOW HITPOINT WARNING * * *
Prince Ribbit hits you!
* * * LOW HITPOINT WARNING * * *
😱 HP[-7] MP[-4]
You take 7 damage, and now have 7/42 hp.
You lost 4 mp, and now have 3/14 mp.
You fade into invisibility!
Prince Ribbit falters for a moment.
You closely miss Prince Ribbit.
Prince Ribbit hits you but does no damage.
Prince Ribbit hits you!
You die...

Skill      XL: |  1  2  3  4  5  6  7  8 |
---------------+-------------------------+-----
Short Blades   | 2 3 4 |  4.5
Fighting       | 3 4 |  4.9
Shields        | 3 4 |  4.0
Armour         | 3 4 |  4.5
Spellcasting   | 1 2 3 |  3.7
Hexes          | 1 2 3 |  3.8

Action                   |  1- 3 |  4- 6 |  7- 9 || total
-------------------------+-------+-------+-------++-------
Melee: Rapier            |    80 |   112 |    73 ||   265
       Bite              |    16 |    31 |    71 ||   118
       Short sword       |       |       |   140 ||   140
Throw: Stone             |     1 |     4 |     2 ||     7
  Use: Scroll            |       |       |     7 ||     7
       Potion            |       |       |     4 ||     4
Armor: Scale mail        |    39 |    56 |     4 ||    99
       Chain mail        |       |       |    97 ||    97
Dodge: Dodged            |    38 |    43 |    48 ||   129
Block: Buckler           |    15 |    26 |    39 ||    80

Levels and vault maps discovered:
D:1:      dpeg_arrival_arbitrary_b, layout_basic,
          nicolae_ecumenical_snake_handling
D:2:      minmay_door_path, layout_rooms, basic_altar,
          chequers_serial_rivers_micro_e, uniq_crazy_yiuf_cottage
D:3:      layout_loops_corners, nicolae_wu_jian_immortal_techniques,
          nicolae_overflow_squiral, uniq_grinder, uniq_ijyb
D:4:      layout_gridville, chequers_serial_rivers_small_a
D:5:      layout_loops_ring, minmay_misc_feat_tiny
D:6:      layout_rooms, grunt_gozag_breadcrumbs, ashenzari_altar_1,
          temple_green, serial_shops, shop, kennysheep_small_square,
          uniq_prince_ribbit1, uniq_duvessa

Notes
Turn   | Place    | Note
-------+----------+-------------------------------------------
     0 | D:1      | GrayStillPlays the Vine Stalker Fighter began the quest for
                  | the Orb.
     0 | D:1      | Reached XP level 1. HP: 11/11 MP: 2/2
     0 | D:1      | magus.rc [v1.9.6]
    78 | D:1      | Reached XP level 2. HP: 16/16 MP: 3/3
   117 | D:1      | Reached skill level 2 in Short Blades
   404 | D:1      | Found a faded altar of an unknown god.
   417 | D:1      | Reached skill level 3 in Fighting
   550 | D:1      | Reached XP level 3. HP: 15/20 MP: 4/4
   634 | D:1      | Reached skill level 3 in Shields
  1863 | D:2      | Found a runed translucent door.
  1864 | D:2      | Noticed Crazy Yiuf
  1907 | D:2      | Gained mutation: Your natural rate of healing is unusually
                  | fast. [Vine Stalker growth]
  1907 | D:2      | Reached XP level 4. HP: 19/24 MP: 2/5
  2051 | D:2      | Found a shimmering altar of Xom.
  2454 | D:3      | You pick up a book of Dreams and begin reading...
  2454 | D:3      | You add the spells Ensorcelled Hibernation, Spider Form and
                  | Anguish to your library.
  2458 | D:3      | Learned a level 2 spell: Ensorcelled Hibernation
  2492 | D:3      | Reached skill level 3 in Armour
  2662 | D:3      | Noticed Grinder
  2664 | D:3      | Paralysed by something for 7 turns
  2665 | D:3      | Noticed Ijyb
  2682 | D:3      | Paralysed by something for 5 turns
  2792 | D:4      | Noticed a phantom
  2801 | D:4      | Killed a phantom
  2802 | D:4      | Reached XP level 5. HP: 22/28 MP: 5/7
  2874 | D:4      | Reached skill level 1 in Spellcasting
  2874 | D:4      | Reached skill level 1 in Hexes
  2966 | D:4      | Reached skill level 3 in Short Blades
  2966 | D:4      | Reached XP level 6. HP: 32/32 MP: 8/8
  3347 | D:4      | Reached skill level 2 in Hexes
  3347 | D:4      | Reached XP level 7. HP: 36/37 MP: 10/10
  3355 | D:4      | You pick up a book of Minor Magic and begin reading...
  3355 | D:4      | You add the spells Magic Dart, Call Imp and Mephitic Cloud
                  | to your library.
  3490 | D:4      | Reached skill level 2 in Spellcasting
  3566 | D:4      | Reached skill level 4 in Fighting
  3842 | D:4      | Gained mutation: You sometimes lose the ability to read
                  | scrolls when taking damage. [potion of mutation]
  3843 | D:4      | Lost mutation: You sometimes lose the ability to read
                  | scrolls when taking damage. [potion of mutation]
  3843 | D:4      | Gained mutation: You have large cloven feet. [potion of
                  | mutation]
  3843 | D:4      | Gained mutation: Your body sometimes deteriorates upon
                  | taking damage. [potion of mutation]
  3844 | D:4      | Lost mutation: You have large cloven feet. [potion of
                  | mutation]
  3844 | D:4      | Lost mutation: Your body sometimes deteriorates upon taking
                  | damage. [potion of mutation]
  3844 | D:4      | Gained mutation: Your flesh is heat resistant. (rF+)
                  | [potion of mutation]
  3844 | D:4      | Gained mutation: You are partially covered in iridescent
                  | scales. (AC +2) [potion of mutation]
  3962 | D:5      | Entered Level 5 of the Dungeon
  4032 | D:5      | Reached skill level 4 in Shields
  4246 | D:5      | Reached skill level 4 in Armour
  4333 | D:5      | Reached skill level 3 in Hexes
  4333 | D:5      | Gained mutation: You have razor-sharp teeth. [Vine Stalker
                  | growth]
  4333 | D:5      | Reached XP level 8. HP: 36/42 MP: 11/13
  4455 | D:5      | You pick up a book of the Tundra and begin reading...
  4455 | D:5      | You add the spells Hailstorm, Ice Form and Simulacrum to
                  | your library.
  4749 | D:5      | Identified the +4 rapier of the Enemy {holy, rPois rC+
                  | rCorr Int-2}
  4763 | D:5      | Reached skill level 4 in Short Blades
  4763 | D:5      | Reached skill level 3 in Spellcasting
  5074 | D:6      | Noticed Duvessa
  5076 | D:6      | Noticed Prince Ribbit
  5218 | D:6      | Found a staircase to the Ecumenical Temple.
  5247 | D:6      | HP: 7/42 [Prince Ribbit (6)]
  5249 | D:6      | Slain by Prince Ribbit

Vanquished Creatures
  An ogre (D:6)
  3 centaurs
  A phantom (D:4)
  3 scorpions
  4 wights (D:6)
  A hound (D:5)
  2 jellies (D:4)
  5 orc priests
  A centaur skeleton (D:4)
  An iguana (D:5)
  4 orc wizards
  A scorpion zombie (D:5)
  A howler monkey skeleton (D:5)
  7 gnolls
  6 adders
  A white imp (D:5)
  2 worms (D:2)
  3 dart slugs
  14 orcs
  10 endoplasms
  3 giant cockroaches
  6 goblins
  6 hobgoblins
  6 kobolds
  2 quokkas (D:1)
  7 ball pythons
  7 bats
  5 frilled lizards
  9 rats
122 creatures vanquished.

Vanquished Creatures (others)
  A fungus (D:2)
1 creature vanquished.

Grand Total: 123 creatures vanquished

Table legend:
 A = Non-vault XP
 B = Vault XP
 C = Vault XP percentage of total XP
 D = Non-vault monster count
 E = Vault monster count
 F = Vault count percentage of total count
                 A         B        C        D         E       F
            +---------+---------+-------+---------+---------+-------
      Total |    1974 |       9 |   0.5 |     117 |       5 |   4.1
            +---------+---------+-------+---------+---------+-------
        D:1 |      44 |       5 |  10.2 |      27 |       3 |  10.0
        D:2 |      43 |       4 |   8.5 |      14 |       2 |  12.5
        D:3 |     113 |       0 |   0.0 |      15 |       0 |   0.0
        D:4 |     541 |       0 |   0.0 |      24 |       0 |   0.0
        D:5 |     689 |       0 |   0.0 |      21 |       0 |   0.0
        D:6 |     544 |       0 |   0.0 |      16 |       0 |   0.0
            +---------+---------+-------+---------+---------+-------

Illustrated notes

Table legend:
 A = Kills in this place as a percentage of kills in entire the game.
 B = Kills by you in this place as a percentage of kills by you in the entire game.
 C = Kills by friends in this place as a percentage of kills by friends in the entire game.
 D = Other kills in this place as a percentage of other kills in the entire game.
 E = Experience gained in this place as a percentage of experience gained in the entire game.
 F = Experience gained in this place divided by the number of levels of this place that you have seen.
                   A       B       C       D       E      F
               +-------+-------+-------+-------+-------+----------------------
         Total | 100.0 | 100.0 |   N/A |   N/A | 100.0 | 330.5
       Dungeon | 100.0 | 100.0 |   N/A |   N/A | 100.0 | 330.5
               +-------+-------+-------+-------+-------+----------------------

Table legend: (Time is in decaauts)
 A = Elapsed time spent in this place.
 B = Non-inter-level travel time spent in this place.
 C = Inter-level travel time spent in this place.
 D = Time resting spent in this place.
 E = Time spent auto-exploring this place.
 F = Levels seen in this place.
 G = Mean time per level.
                   A        B        C        D        E       F      G
               +--------+--------+--------+--------+--------+-----+--------+
         Total |   5276 |   4992 |    284 |    175 |   3579 |   6 |  879.3 |
       Dungeon |   5276 |   4992 |    284 |    175 |   3579 |   6 |  879.3 |
               +--------+--------+--------+--------+--------+-----+--------+

Top non-repeatable levels by time:
     D:1: 1439 daAuts
     D:4: 1123 daAuts
     D:5: 1079 daAuts
     D:2: 862 daAuts
     D:3: 564 daAuts
     D:6: 208 daAuts
